 Dungeon Crawl Stone Soup version 0.29.0-15-g675c0067aa (webtiles) character file.

Game seed: 7826335865913387882

61 zxpr0jk the Insei (level 3, -3/25 HPs)
             Began as a Vampire Transmuter on Sept 11, 2022.
             Was a Follower of Sif Muna.
             Slain by an adder (4 damage)
             ... on level 2 of the Dungeon.
             The game lasted 00:05:24 (940 turns).

zxpr0jk the Insei (Vampire Transmuter)               Turns: 940, Time: 00:05:25

Health: -3/25      AC:  5    Str: 11    XL:     3   Next: 83%
Magic:  4/6        EV: 12    Int: 15    God:    Sif Muna [*.....]
Gold:   38         SH:  0    Dex: 14    Spells: 3/6 levels left

rFire   . . .      SeeInvis +     - Unarmed
rCold   . . .      Faith    .   (no shield)
rNeg    . . .      Spirit   .   a - +0 robe
rPois   .          Reflect  .   (no helmet)
rElec   .          Harm     .   (no cloak)
rCorr   .          Rampage  .   e - +0 pair of gloves
Will    .....                   g - +1 pair of boots
Stlth   +.........              (no amulet)
HPRegen 0.28/turn               (no ring)
MPRegen 0.10/turn               (no ring)

@: lethally poisoned (-3 -> -3), wereblooded, healing quickly
A: alive, fangs 3, see invisible, vampiric 2
a: Exsanguinate, Renounce Religion, Channel Magic


You were on level 2 of the Dungeon.
You worshipped Sif Muna.
Sif Muna was aware of your devotion.
You visited 1 branch of the dungeon, and saw 2 of its levels.

You collected 38 gold pieces.

Inventory:

Hand Weapons
 k - a +0 rapier of venom
Armour
 a - a +0 robe (worn)
 e - a +0 pair of gloves (worn)
 g - a +1 pair of boots (worn)
Jewellery
 f - a ring of magical power
Scrolls
 c - 2 scrolls of identify {unknown}
 i - a scroll of enchant armour {unknown}
Potions
 b - 3 potions of lignification
 d - a potion of curing {unknown}
 h - a potion of cancellation {unknown}
 j - a potion of magic {unknown}


   Skills:
 - Level 0.8 Fighting
 - Level 2.1 Dodging
 * Level 4.7 Unarmed Combat
 - Level 2.0 Spellcasting
 + Level 3.1 Transmutations


You had 3 spell levels left.
You knew the following spells:

 Your Spells              Type           Power      Damage    Failure   Level
a - Beastly Appendage     Tmut           22%        N/A       6%          1
b - Wereblood             Tmut           11%        N/A       9%          2

Your spell library contained the following spells:

 Spells                   Type           Power      Damage    Failure   Level
 Spider Form              Tmut/Pois      6%         N/A       34%         3
 Ozocubu's Armour         Ice            1%         N/A       54%         3
 Ice Form                 Ice/Tmut       6%         N/A       75%         4
 Metabolic Englaciation   Hex/Ice        0%         N/A       99%         5
 Simulacrum               Ice/Necr       0%         N/A       100%        6


Dungeon Overview and Level Annotations

Branches:
Dungeon (2/15)

Altars:
Sif Muna


Innate Abilities, Weirdness & Mutations

Your natural rate of healing is accelerated.
You have razor-sharp teeth.
You have supernaturally acute eyesight. (SInv)
You are afflicted with vampirism and can become a bat while bloodless.


Message History

The adder bites you.
You are poisoned.
The adder poisons you! The endoplasm hits you.
You punch the adder!
The adder is almost dead.
You feel sick. The adder bites you but does no damage.
The endoplasm freezes you.
You are frozen.
You are too injured to fight recklessly!
You are too injured to fight recklessly!
You are too injured to fight recklessly!
You are too injured to fight recklessly!
You are too injured to fight recklessly!
Unknown command.
You are too injured to fight recklessly!
You are too injured to fight recklessly!
You hit the adder but do no damage.
The adder is almost dead.
You feel sick.
The adder bites you but does no damage. x2
The endoplasm misses you.
Unknown command.
You closely miss the adder.
The adder is almost dead.
You feel sick. The adder closely misses you. The endoplasm freezes you.
You are frozen.
* * * LOW HITPOINT WARNING * * *
Unknown command.
You barely miss the adder.
The adder is almost dead.
You feel sick. The adder bites you but does no damage.
Unknown command.
You closely miss the adder.
The adder is almost dead.
You feel sick. The endoplasm freezes you.
You are frozen.
* * * LOW HITPOINT WARNING * * *
The adder bites you.
You die...

##. ..#. .# #$. ...##.#
#.? #.... .## ... #...#
..# #.##... #.. #######.
.###.....## #.# #.......
......J...# ♣.♣ #....#
#S@..#♣♣.♣♣#..#.##. .
###................
....####.##♣♣†♣♣#...####
#..>....# ♣.♣ #..## #
######..###.###...####
#.#.............#
#.#<.............
#.#.........##...
#.#.........##...


You could see an adder and an endoplasm.

Vanquished Creatures
  2 adders (D:2)
  A worm (D:2)
  3 dart slugs (D:1)
  6 bats
  An endoplasm (D:2)
  A giant cockroach (D:1)
  3 goblins (D:1)
  3 hobgoblins
  4 quokkas
  6 ball pythons
  A frilled lizard (D:2)
  2 kobolds (D:1)
  A rat (D:1)
34 creatures vanquished.

Vanquished Creatures (others)
  A fungus (D:1)
  A plant (D:1)
2 creatures vanquished.

Grand Total: 36 creatures vanquished

Notes
Turn   | Place    | Note
-------+----------+-------------------------------------------
     0 | D:1      | zxpr0jk the Vampire Transmuter began the quest for the Orb.
     0 | D:1      | Reached XP level 1. HP: 14/14 MP: 3/3
   151 | D:1      | Reached XP level 2. HP: 19/20 MP: 5/5
   251 | D:1      | Learned a level 2 spell: Wereblood
   288 | D:1      | Reached skill level 4 in Unarmed Combat
   517 | D:1      | Found a faded altar of an unknown god.
   545 | D:1      | Prayed at the altar of an unknown god.
   545 | D:1      | Became a worshipper of Sif Muna the Loreminder
   545 | D:1      | Reached * piety under Sif Muna
   675 | D:1      | Gained mutation: You are afflicted with vampirism and can
                  | become a bat while bloodless. [Vampire growth]
   675 | D:1      | Reached XP level 3. HP: 23/25 MP: 6/6
   940 | D:2      | HP: 1/25 [frozen (4)]
   940 | D:2      | Slain by an adder

Illustrated notes

Levels and vault maps discovered:
D:1:      tarquinn_simple_flora_water_e, layout_loops_ring,
          shapermc_ecumenical_altar_gd, minmay_tripent
D:2:      layout_rooms, minmay_tree_intersection, grunt_ministairs_13,
          minmay_pentomino_u4

Skill      XL: |  1  2  3 |
---------------+----------+-----
Unarmed Combat | 4 |  4.7
Transmutations | 3 |  3.1
Fighting       | |  0.8
Dodging        | |  2.1
Spellcasting   | |  2.0

Action                   || total
-------------------------++-------
Melee: Unarmed           ||   111
       Bite              ||    10
       Kick              ||     6
       Punch             ||     3
       Headbutt          ||     3
 Cast: Beastly Appendage ||     4
       Wereblood         ||     9
Armor: Robe              ||    32
Dodge: Dodged            ||    79
